 Dungeon Crawl Stone Soup version 0.30-a0-462-gd5975efbca (webtiles) character file.

Game seed: 6565519612160144390

20 Ijustatesigmund the Cudgeller (level 3, 0/31 HPs)
             Began as a Meteoran Cinder Acolyte on Dec 16, 2022.
             Was a High Priest of Ignis.
             Succumbed to an adder's poison
             ... on level 2 of the Dungeon.
             The game lasted 00:01:53 (245 turns).

Ijustatesigmund the Cudgeller (MeCA)                 Turns: 245, Time: 00:01:54

Health: 0/31       AC:  2    Str: 16    XL:     3   Next: 14%
Magic:  7/7        EV: 11    Int: 17    God:    Ignis [*****.]
Gold:   23         SH:  0    Dex:  9    Spells: 6/6 levels left

rFire   + . .      SeeInvis .    a - -1 mace (flame)
rCold   . . .      Faith    .    (no shield)
rNeg    . . .      Spirit   .    b - +0 robe
rPois   .          Reflect  .    (no helmet)
rElec   .          Harm     .    (no cloak)
rCorr   .          Rampage  .    (no gloves)
Will    +....                    (no boots)
Stlth   +.........               (no amulet)
HPRegen 0.25/turn                f - ring of willpower
MPRegen 0.10/turn                (no ring)

@: lethally poisoned (0 -> -18), glowing
A: sense surroundings 1, otherworldly, glowing, explore regen, noise suppression
a: Renounce Religion, Fiery Armour, Foxfire Swarm, Rising Flame


You were on level 2 of the Dungeon.
You worshipped Ignis.
Ignis was extremely pleased with you.
You visited 1 branch of the dungeon, and saw 2 of its levels.

You collected 23 gold pieces.

Inventory:

Hand Weapons
 a - a -1 mace of flaming (weapon)
Armour
 b - a +0 robe (worn)
Jewellery
 f - a ring of willpower (left hand)
Scrolls
 c - a scroll of amnesia {unknown}
 g - a scroll of teleportation {unknown}
Potions
 d - a potion of heal wounds {unknown}
 e - a potion of mutation


   Skills:
 + Level 3.6 Fighting
 + Level 4.3 Maces & Flails
 + Level 2.0 Spellcasting
 + Level 3.9 Fire Magic


You had 6 spell levels left.
You didn't know any spells.
Your spell library contained the following spells:

 Spells                   Type           Power      Damage    Failure   Level
 Scorch                   Fire           30%        2d6       6%          2


Dungeon Overview and Level Annotations

Branches:
Dungeon (2/15) Zot: 947

Altars:
Hepliaklqana


Innate Abilities, Weirdness & Mutations

You passively map a small area around you.
You are easily found by Zot.
You glow in the dark.
You regain HP and MP as you explore.
You passively dampen the noise of your surroundings.


Message History

No target in view!
You see here a rat corpse.
HP restored.
Found a hazy altar of Hepliaklqana.
You see here 4 stones.
An adder comes into view.
The adder hisses angrily.
You barely miss the adder. The adder bites you.
You are poisoned.
The adder poisons you!
You hit the adder. You burn the adder.
The adder is heavily wounded.
You feel sick. The adder bites you.
You are more poisoned.
The adder poisons you! The adder bites you.
You are more poisoned.
The adder poisons you!
You miss the adder.
The adder is heavily wounded.
You feel very sick. The adder bites you.
You are more poisoned.
The adder poisons you! The adder closely misses you.
You miss the adder.
The adder is heavily wounded.
You feel very sick. The adder closely misses you.
You barely miss the adder.
The adder is heavily wounded.
You feel very sick. The adder bites you.
* * * LOW HITPOINT WARNING * * *
You are lethally poisoned!
The adder poisons you! The adder bites you.
* * * LOW HITPOINT WARNING * * *
You are more poisoned.
The adder poisons you!
It was a potion of mutation.
You feel extremely strange.
You feel your surroundings grow quieter.
You die...

#.~.#_...~..# *
..⌠.####.⌠..# * ,, ,
..~.....P~..# *
...⌠⌠P~~~⌠..#
#...........# , >
#....#......# * *
####.#..##### ** ,
#†.....##########.#.## ,
###.####........@S.....#
....)#)#.#.########.....
* ...##.#.##.# , ,...
...#)###(#.# * , .
...##.#.##.# ** , *
...#.#.#...# *
.....####..#
...........#
.....#.###(##


You could see an adder.

Vanquished Creatures
  An adder (D:2)
  An endoplasm (D:2)
  A giant cockroach (D:2)
  2 goblins (D:2)
  2 hobgoblins (D:2)
  2 frilled lizards (D:2)
  A kobold (D:2)
  A rat (D:2)
11 creatures vanquished.

Vanquished Creatures (others)
  A fungus (D:2)
1 creature vanquished.

Grand Total: 12 creatures vanquished

Notes
Turn   | Place    | Note
-------+----------+-------------------------------------------
     0 | D:1      | Ijustatesigmund the Meteoran Cinder Acolyte began the quest
                  | for the Orb.
     0 | D:1      | Reached XP level 1. HP: 19/19 MP: 3/3
   108 | D:2      | Reached XP level 2. HP: 20/26 MP: 3/5
   155 | D:2      | Reached XP level 3. HP: 8/31 MP: 6/6
   177 | D:2      | Found a faded altar of an unknown god.
   202 | D:2      | Found a hazy altar of Hepliaklqana.
   245 | D:2      | Gained mutation: You passively dampen the noise of your
                  | surroundings. [potion of mutation]
   245 | D:2      | Succumbed to an adder's poison

Illustrated notes

Levels and vault maps discovered:
D:1:      saegor_arrival_simple_d, layout_loops_ring, serial_shops, shop
D:2:      layout_loops_ring, shapermc_ecumenical_altar_acropolis, basic_altar,
          minmay_hexomino_f4, uniq_crazy_yiuf_cottage

Skill      XL: |  1  2  3 |
---------------+----------+-----
Spellcasting   | 2 |  2.0
Fighting       | |  3.6
Maces & Flails | |  4.3
Fire Magic     | |  3.9

Action                   || total
-------------------------++-------
Melee: Mace              ||    43
  Use: Potion            ||     1
Armor: Robe              ||     9
Dodge: Dodged            ||    15

Table legend: (Time is in decaauts)
 A = Elapsed time spent in this place.
 B = Non-inter-level travel time spent in this place.
 C = Inter-level travel time spent in this place.
 D = Time resting spent in this place.
 E = Time spent auto-exploring this place.
 F = Levels seen in this place.
 G = Mean time per level.
                   A        B        C        D        E       F      G
               +--------+--------+--------+--------+--------+-----+--------+
         Total |    253 |    253 |      0 |      0 |    153 |   2 |  126.5 |
       Dungeon |    253 |    253 |      0 |      0 |    153 |   2 |  126.5 |
               +--------+--------+--------+--------+--------+-----+--------+

Top non-repeatable levels by time:
     D:2: 237 daAuts
     D:1: 16 daAuts
